AoeStats
← zephyrutia

Arabia

509378711Analyzed
3v3 RM · 6d ago on Sep 26, 2026· 59m 3s· 6 players
Game mode
Random Map
Map size
Normal (6 player)
Population
200
Speed
Normal
Resources
Standard
Victory
Conquest
Starting age
Dark Age
Ending age
Imperial Age
RankedLock teamsTeams togetherTeam positionsShared explorationLock speedFull tech treeHidden civsTurbo modeCheats
Victory
Defeat
🇨🇳 Magyars · China
1071
+11
🇨🇳 Inca · China
1045
+12
🇨🇳 Slavs · China
818
+20
🇳🇵 Vietnamese · Nepal
967
-24
🇺🇸 Teutons · United States
933
-14
🇳🇵 Japanese · Nepal
917
-13
zephyrutia
7:47 Loom
10:18 Feudal Age
20:10 Castle Age
18:59 Scale Barding Armor
18:44 Double-Bit Axe
19:40 Horse Collar
20:34 Forging
21:19 Chain Barding Armor
25:29 Iron Casting
31:54 Town Watch
38:40 Scale Mail Armor
44:17 Chain Mail Armor
Blast
4:03 Loom
10:29 Feudal Age
11:56 Double-Bit Axe
22:39 Fletching
26:51 Castle Age
28:05 Crossbowman
28:53 Thumb Ring
31:08 Padded Archer Armor
34:11 Scale Mail Armor
37:41 Forging
39:35 Iron Casting
48:23 Imperial Age
46:58 Leather Archer Armor
48:01 Bow Saw
48:24 Elite Fire Lancer
48:41 Elite Fire Lancer
49:24 Squires
52:43 Paper Money
53:13 Paper Money
52:59 Elite Skirmisher
54:19 Chain Mail Armor
56:20 Plate Mail Armor
Magikarp
8:22 Loom
11:16 Feudal Age
11:29 Man-at-Arms
13:13 Forging
13:13 Scale Mail Armor
22:10 Arson
30:05 Castle Age
30:45 Long Swordsman
31:11 Gambesons
31:27 Squires
37:53 Iron Casting
37:33 Chain Mail Armor
47:53 Yasama
50:57 Wheelbarrow
53:08 Imperial Age
55:08 Blast Furnace
54:38 Plate Mail Armor
56:35 Two-Handed Swordsman
57:56 Plate Mail Armor
恶魔
11:04 Feudal Age
11:26 Loom
11:53 Double-Bit Axe
17:33 Horse Collar
17:41 Man-at-Arms
22:45 Castle Age
20:50 Stone Mining
21:41 Scale Barding Armor
22:07 Bloodlines
23:52 Wheelbarrow
23:40 Heavy Plow
27:54 Gold Mining
28:51 Chain Barding Armor
30:34 Gold Shaft Mining
31:31 Corvinian Army
33:47 Husbandry
39:46 Imperial Age
39:56 Capped Ram
43:20 Crop Rotation
43:01 Bow Saw
43:53 Elite Magyar Huszar
44:53 Hand Cart
46:08 Plate Barding Armor
46:30 Conscription
46:16 Cavalier
50:02 Paladin
YFY大人
0:35 Loom
11:26 Feudal Age
12:06 Double-Bit Axe
12:05 Horse Collar
14:02 Wheelbarrow
15:17 Man-at-Arms
37:56 Gold Mining
42:38 Castle Age
40:49 Stone Mining
42:57 Scale Mail Armor
43:08 Forging
43:10 Padded Archer Armor
43:01 Fletching
43:57 Bow Saw
43:50 Heavy Plow
45:45 Long Swordsman
46:26 Squires
46:33 Squires
48:02 Forging
47:52 Scale Mail Armor
48:43 Scale Mail Armor
57:37 Scale Barding Armor
58:07 Iron Casting
大皮鞭
9:33 Feudal Age
12:14 Double-Bit Axe
12:06 Champi Runner
15:13 Fletching
15:25 Scale Mail Armor
15:36 Forging
18:23 Horse Collar
19:42 Wheelbarrow
18:54 Loom
23:32 Castle Age
23:01 Gold Mining
25:16 Iron Casting
24:57 Chain Mail Armor
24:59 Squires
24:39 Champi Warrior
25:34 Bow Saw
25:44 Heavy Plow
26:22 Arson
31:49 Hand Cart
32:14 Stone Mining
41:41 Imperial Age
42:55 Plate Mail Armor
43:27 Blast Furnace
41:48 Elite Champi Warrior
42:51 Fabric Shields
42:40 Capped Ram
44:32 Chemistry
43:58 Ballistics
44:25 Crop Rotation
44:37 Gold Shaft Mining
46:07 Fletching
46:17 Padded Archer Armor
47:50 Bodkin Arrow
48:10 Leather Archer Armor
47:28 Siege Ram
50:28 Conscription
50:12 Andean Sling
50:16 Bracer
50:46 Ring Archer Armor
Connection lost

Rejoining the realm…

Still unreachable

The connection could not be restored.

Session expired

The server has moved on; the page needs a fresh start.